Map: Ghost River LE

Players

Geralt (Gerald)

  • Race: Protoss Protoss
  • League: Grandmaster
  • Spawn Location: 11:00

ProtossFan (uThermal) - Winner!

  • Race: Terran Terran
  • League: Grandmaster
  • Spawn Location: 1:00

Event: HomeStory Cup XXV

VOD

Have the link to the VOD?

Description

Time

  • Played on: June 21, 2024, 4:17 p.m.
  • Length: 8:11

All games in this series

Show
View Real Time Build Order
Export as new Build Order

Geralt Protoss 

Build Orders: 1 Gate Expand, Blink Stalkers, Colossus Rush 

Get SALT Encoding   

  12  0:00  Probe  
  13  0:12  Probe  
  14  0:17  Pylon  
  14  0:24  Probe (Chrono Boost)  
  16  0:36  Probe (Chrono Boost)  
  16  0:37  Gateway  
  16  0:43  Probe (Chrono Boost)  
  16  0:46  Assimilator  
  17  0:50  Probe  
  18  1:03  Probe  
  19  1:15  Probe  
  20  1:24  Cybernetics Core  
  22  1:28  Probe  
  23  1:35  Nexus  
  21  1:40  Probe  
  21  1:45  Pylon  
  22  1:52  Probe  
  22  1:54  Assimilator  
  22  2:00  Adept (Chrono Boost)  
  22  2:03  Warp Gate  
  22  2:05  Probe  
  25  2:17  Probe  
  25  2:20  Stalker (Chrono Boost)  
  26  2:29  Probe  
  29  2:34  Twilight Council  
  29  2:41  Probe  
  30  2:47  Stalker  
  30  2:49  Probe  
  33  2:53  Probe  
  34  3:01  Probe  
  36  3:05  Blink (Chrono Boost), Probe  
  34  3:13  Probe  
  34  3:17  Probe  
  36  3:22  Gateway  
  36  3:25  Probe  
  36  3:27  Stalker  
  39  3:29  Probe  
  40  3:34  Shield Battery  
  40  3:37  Probe  
  40  3:39  Robotics Facility  
  41  3:42  Probe  
  41  3:49  Probe  
  41  3:54  Probe  
  41  3:55  Pylon  
  43  4:01  Probe  
  44  4:05  Pylon  
  44  4:06  Probe  
  45  4:14  Nexus  
  45  4:15  Pylon  
  45  4:16  Stalker  
  47  4:18  Probe  
  47  4:19  Probe  
  47  4:22  Assimilator  
  49  4:28  Stalker  
  49  4:30  Probe  
  52  4:35  Probe  
  52  4:37  Robotics Bay  
  53  4:39  Assimilator  
  53  4:42  Observer (Chrono Boost)  
  53  4:43  Shield Battery  
  54  4:45  Probe  
  54  4:50  Probe  
  56  4:57  Forge  
  56  4:58  Probe  
  57  5:00  Pylon  
  57  5:01  Observer  
  57  5:02  Probe  
  57  5:06  Gateway  
  59  5:07  Gateway  
  59  5:10  Probe  
  60  5:14  Probe  
  60  5:19  Sentry  
  60  5:21  Pylon  
  63  5:22  Probe  
  63  5:24  Colossus (Chrono Boost)  
  70  5:29  Probe (Chrono Boost)  
  70  5:30  Probe (Chrono Boost)  
  73  5:36  Protoss Ground Weapons Level 1  
  73  5:37  Observer  
  73  5:40  Probe (Chrono Boost)  
  73  5:41  Probe (Chrono Boost)  
  73  5:42  Probe (Chrono Boost)  
  75  5:46  Gateway  
  75  5:47  Probe (Chrono Boost)  
  75  5:48  Probe x2 (Chrono Boost)  
  78  5:50  Gateway  
  78  5:54  Extended Thermal Lance  
  78  5:56  Observer  
  78  5:58  Probe  
  78  6:00  Probe x2  
  78  6:02  Observer  
  81  6:10  Probe  
  81  6:11  Stalker x4  
  86  6:12  Probe  
  86  6:16  Probe  
  92  6:20  Assimilator  
  92  6:22  Probe  
  92  6:23  Assimilator  
  93  6:27  Probe  
  93  6:30  Charge (Chrono Boost)  
  93  6:32  Gateway  
  94  6:33  Gateway  
  94  6:37  Gateway  
  94  6:38  Stalker x3, Observer  
  98  6:45  Colossus (Chrono Boost)  
  86  6:50  Zealot x2  
  86  6:51  Probe x2  
  98  6:55  Zealot  
  98  6:59  Pylon  
  100  7:02  Gateway x2  
  100  7:11  Pylon  
  100  7:15  Probe  
  101  7:21  Pylon  
  101  7:23  Pylon  
  101  7:26  Probe  
  101  7:27  Probe  
  103  7:30  Zealot x6, Templar Archives, Pylon  
  109  7:40  Zealot x3  
  109  7:42  Probe  
  109  7:44  Zealot x2  
  97  7:49  Zealot  
  88  7:52  Zealot, Stalker  
  88  7:53  Stalker x2, Zealot x2  
Show
View Real Time Build Order
Export as new Build Order

ProtossFan Terran - Winner!

Build Orders:  

Get SALT Encoding   

  12  0:00  SCV  
  13  0:12  SCV  
  14  0:17  Supply Depot  
  14  0:24  SCV  
  15  0:38  SCV  
  15  0:39  Barracks  
  15  0:42  Refinery  
  16  0:50  SCV  
  17  1:02  SCV  
  18  1:15  SCV  
  19  1:26  Marine  
  19  1:27  Orbital Command  
  20  1:40  Command Center  
  20  1:45  Barracks Reactor  
  21  1:54  SCV  
  21  1:59  Supply Depot  
  21  2:06  SCV  
  22  2:11  Bunker  
  22  2:18  SCV  
  22  2:20  Marine x2  
  25  2:30  SCV  
  25  2:36  Command Center  
  26  2:40  Reaper  
  26  2:41  Reaper  
  28  2:44  SCV  
  29  2:52  Orbital Command  
  29  2:56  SCV  
  30  3:04  Barracks  
  29  3:09  SCV  
  29  3:12  Marine  
  30  3:13  Marine  
  30  3:19  SCV  
  33  3:21  SCV  
  33  3:22  Barracks  
  34  3:30  Marine  
  34  3:31  SCV, Marine  
  34  3:33  SCV  
  38  3:35  Refinery  
  38  3:43  SCV  
  38  3:45  SCV  
  38  3:48  Orbital Command, Marine  
  41  3:51  Factory  
  41  3:52  Barracks Tech Lab  
  41  3:55  SCV  
  42  3:57  SCV  
  42  4:00  Marine  
  44  4:06  Marine  
  44  4:07  SCV  
  44  4:08  Engineering Bay  
  44  4:09  SCV  
  47  4:12  Marauder  
  47  4:13  Stimpack  
  47  4:14  Barracks Tech Lab  
  47  4:16  SCV  
  50  4:19  SCV  
  50  4:21  Supply Depot  
  50  4:23  Marine  
  52  4:25  Marine  
  52  4:26  SCV  
  54  4:33  Marine  
  54  4:35  SCV, Marine, Terran Infantry Weapons Level 1  
  54  4:37  SCV  
  57  4:38  SCV  
  57  4:42  Refinery  
  57  4:45  Marine x2  
  60  4:47  Starport, Refinery  
  60  4:49  SCV  
  60  4:50  SCV  
  62  4:52  Factory Reactor  
  62  4:55  SCV  
  62  4:56  Supply Depot  
  62  4:58  Marine x2  
  64  5:03  SCV, Bunker  
  64  5:04  SCV  
  64  5:06  Marine  
  67  5:07  Marine  
  67  5:10  Supply Depot  
  67  5:11  Combat Shield  
  67  5:13  SCV  
  69  5:17  SCV x2  
  69  5:18  Supply Depot  
  71  5:22  Marauder  
  71  5:23  Marauder  
  71  5:27  Marine x2  
  77  5:33  Medivac  
  77  5:34  Barracks  
  77  5:35  Medivac  
  81  5:41  Barracks  
  81  5:43  SCV, Marine  
  81  5:44  SCV, Marine  
  81  5:46  Factory Reactor  
  81  5:48  Supply Depot  
  81  5:49  Orbital Command  
  85  5:50  Marine  
  85  5:54  Concussive Shells  
  85  5:55  Supply Depot, SCV, Marine  
  88  6:01  Supply Depot, SCV, Marauder  
  91  6:04  Medivac  
  91  6:05  Medivac  
  91  6:08  SCV  
  91  6:09  Marine  
  91  6:10  Marauder  
  96  6:13  SCV  
  96  6:17  Supply Depot, Marine  
  96  6:18  SCV  
  99  6:20  SCV  
  99  6:22  Barracks Tech Lab, Marauder  
  99  6:24  Supply Depot  
  101  6:26  SCV  
  101  6:28  Marine  
  101  6:31  Marauder  
  101  6:32  Barracks Tech Lab, Supply Depot  
  105  6:33  SCV  
  95  6:41  Marine, Marauder  
  95  6:43  Marine  
  95  6:44  SCV  
  96  6:47  Widow Mine  
  96  6:48  Marine, Widow Mine  
  96  6:50  SCV  
  96  6:53  Marauder, Medivac  
  59  6:54  Medivac  
  106  6:55  Marine  
  106  6:57  SCV x2  
  106  6:59  Marine  
  112  7:02  Supply Depot, Marine, Marauder  
  112  7:06  Marine  
  116  7:09  Widow Mine x2  
  116  7:12  Missile Turret  
  116  7:13  Marine x2  
  116  7:14  SCV  
  116  7:15  Bunker  
  123  7:16  Marine  
  123  7:20  Marauder  
  123  7:22  Armory  
  126  7:23  Marine, Engineering Bay  
  126  7:28  Marine  
  128  7:31  SCV, Marauder  
  128  7:32  Marauder  
  128  7:33  Supply Depot x2  
  128  7:36  Marine  
  131  7:41  Medivac  
  131  7:42  Marauder  
  127  7:44  Marine  
  127  7:47  Marine  
  127  7:48  Widow Mine  
  127  7:49  SCV, Widow Mine  
Tags
 
Add a new tag
Caveats
  • Supply blocks, unpowered buildings, or Contaminate may cause inaccurate times.
  • Supply counts are checked every 10 seconds.